 Dungeon Crawl Stone Soup version 0.27-a0-1555-g0e7b3fb1d2 (webtiles) character file.

Game seed: 17958055477086820467

348 Lemonice the Gusty (level 6, -2/32 HPs)
             Began as a Tengu Air Elementalist on July 15, 2021.
             Was a Follower of Vehumet.
             Slain by Sigmund (12 damage)
             ... on level 2 of the Dungeon.
             The game lasted 00:12:59 (4979 turns).

Lemonice the Gusty (Tengu Air Elementalist)         Turns: 4979, Time: 00:12:59

Health: -2/32      AC:  2    Str:  6 (8)  XL:     6   Next: 60%
Magic:  29/29      EV: 14    Int: 15 (17) God:    Vehumet [*.....]
Gold:   136        SH:  0    Dex: 13 (15) Spells: 1/10 levels left

rFire    . . .     SeeInvis .   n - +2 whip (flame)
rCold    . . .     Faith    .   o - +0 buckler
rNeg     . . .     Spirit   .   a - +0 robe
rPois    .         Reflect  .   (helmet restricted)
rElec    .         Harm     .   (no cloak)
rCorr    .         Rampage  .   (no gloves)
Will     .....                  (boots unavailable)
Stlth    +.........             p - amulet of the acrobat
HPRegen  0.10/turn              g - ring of magical power
MPRegen  0.21/turn              k - ring of magical power

@: confused, swift (expiring), flying quickly and evasively, very quick
A: beak, talons 3, nimble flight
a: Renounce Religion


You were on level 2 of the Dungeon.
You worshipped Vehumet.
Vehumet was aware of your devotion.
You visited 1 branch of the dungeon, and saw 4 of its levels.

You collected 136 gold pieces.

Inventory:

Hand Weapons
 b - a +0 dagger
 j - a +1 flail of holy wrath
 n - a +2 whip of flaming (weapon)
Armour
 a - a +0 robe (worn)
 o - a +0 buckler (worn)
Jewellery
 g - a ring of magical power (left hand)
 k - a ring of magical power (right hand)
 p - an amulet of the acrobat (around neck)
Scrolls
 c - 3 scrolls of teleportation {unknown}
 d - 3 scrolls of noise {unknown}
 e - a scroll of blinking {unknown}
 f - a scroll of torment {unknown}
 h - 2 scrolls of identify {unknown}
 r - a scroll of enchant armour {unknown}
 v - a scroll of summoning {unknown}
Potions
 m - a potion of curing {unknown}
 q - a potion of lignification {unknown}
 s - a potion of brilliance {unknown}
 t - a potion of invisibility {unknown}
 u - a potion of might {unknown}


   Skills:
 + Level 2.1 Armour
 + Level 3.3 Dodging
 - Level 2.2 Stealth
 * Level 0.3 Shields
 + Level 2.9 Spellcasting
 * Level 4.5 Conjurations
 * Level 6.1 Air Magic


You had one spell level left.
You knew the following spells:

 Your Spells              Type           Power      Damage    Failure   Level
a - Shock                 Conj/Air       72%        1d7       3%          1
b - Swiftness             Air            20%        N/A       8%          3
c - Airstrike             Air            10%        N/A       26%         4
d - Foxfire               Conj/Fire      32%        2x1d5     13%         1

Your spell library contained the following spells:

 Spells                   Type           Power      Damage    Failure   Level
 Static Discharge         Conj/Air       18%        N/A       5%          2


Dungeon Overview and Level Annotations

Branches:
Dungeon (4/15)
 Temple: D:4-7

Altars:
Kikubaaqudgha
Vehumet

Annotations:
D:2 Sigmund
D:4 1 runed translucent door, Crazy Yiuf


Innate Abilities, Weirdness & Mutations

You have a beak for a mouth.
You have claws for feet.
Your magical nature lets you fly swiftly and evasively.


Message History

Level annotation: Sigmund You block Sigmund's attack.
Sigmund closely misses you.
There is a stone staircase leading down here.
Casting: Shock (safe; 3% risk of failure)
Confirm with . or Enter, or press ? or * to list all spells.
The spell is quite dangerous to cast (7% risk of failure)!
Continue anyway?
You miscast Swiftness.
You are very lightly contaminated with residual magic.
Nothing appears to happen.
Sigmund gestures at you while chanting. The magic dart hits you.
Casting: Swiftness (quite dangerous; 7% risk of failure)
Confirm with . or Enter, or press ? or * to list all spells.
The spell is quite dangerous to cast (7% risk of failure)!
Continue anyway?
You feel quick. Sigmund casts a spell at you. You resist with some effort.
Sigmund mumbles some strange words.
Sigmund flickers and vanishes!
Deactivating autopickup; reactivate with Ctrl-A.
You are confused.
It was a potion of ambrosia.
You are more confused.
You feel invigorated.
You are more confused.
Your magical contamination has completely faded away.
You hear some strange, mumbled words.
You are more confused.
You feel less invigorated. Something barely misses you.
You bump into the rock wall.
Something hits you.
You bump into the rock wall.
Something hits you.
You bump into the rock wall.
Something hits you!
You're too confused to move!
You start to feel a little slower.
Something hits you.
It was a potion of degeneration.
There was something very wrong with that liquid.
You feel weakened.
You feel dopey.
You feel clumsy. Something hits you!
You die...

......# #.# #########.###
#.######## ###.# #......#.....
#.#......###...##
#......#####.
..#)####.#......#
#......#####.
.##.##.#.#......#
#......'.....
.......#.#......#
#.....@##....
#>#.##.#.###'####
######.##.###
...<............##########.##.
######.########.@.{.....>..##
#)# ##.###########.### #.#
##.### ####'###### #.###.#..#
#.........# #.##.##.##
#.........# #.#.#...#
#.........# ##.##..##
#.........# #.#....##
#...^.....# ..####..#..##
#.........#


There were no monsters in sight!

Vanquished Creatures
  A jelly (D:4)
  A hound (D:4)
  2 orc priests (D:4)
  2 orc wizards (D:4)
  6 gnolls (D:2)
  3 adders
  An ufetubus (D:4)
  3 worms
  A dart slug (D:2)
  10 orcs
  2 ball pythons
  4 bats
  4 endoplasms
  3 giant cockroaches
  4 hobgoblins
  3 jackals (D:2)
  6 quokkas
  5 frilled lizards
  6 goblins
  8 kobolds
  3 rats
78 creatures vanquished.

Notes
Turn   | Place    | Note
-------+----------+-------------------------------------------
     0 | D:1      | Lemonice the Tengu Air Elementalist began the quest for the
                  | Orb.
     0 | D:1      | Reached XP level 1. HP: 10/10 MP: 4/4
   367 | D:1      | Found a faded altar of an unknown god.
   379 | D:1      | Reached XP level 2. HP: 15/15 MP: 4/6
   895 | D:2      | Reached XP level 3. HP: 19/19 MP: 3/7
   944 | D:2      | Noticed Sigmund
   954 | D:2      | Learned a level 3 spell: Swiftness
  1379 | D:2      | Reached skill level 1 in Armour
  1379 | D:2      | Reached XP level 4. HP: 24/24 MP: 0/8
  1791 | D:2      | Reached skill level 5 in Air Magic
  1887 | D:2      | Found an ancient bone altar of Kikubaaqudgha.
  2464 | D:3      | Gained mutation: Your magical nature lets you fly swiftly
                  | and evasively. [Tengu growth]
  2464 | D:3      | Reached XP level 5. HP: 17/28 MP: 4/9
  2798 | D:3      | Found a radiant altar of Vehumet.
  2837 | D:3      | Became a worshipper of Vehumet
  3213 | D:4      | Learned a level 4 spell: Airstrike
  3781 | D:4      | Reached XP level 6. HP: 32/32 MP: 11/11
  4016 | D:4      | Found a runed translucent door.
  4017 | D:4      | Noticed Crazy Yiuf
  4183 | D:4      | Reached skill level 6 in Air Magic
  4251 | D:4      | Reached * piety under Vehumet
  4251 | D:4      | Offered knowledge of Foxfire by Vehumet.
  4254 | D:4      | Learned a level 1 spell: Foxfire
  4979 | D:2      | Slain by Sigmund

Illustrated notes

Levels and vault maps discovered:
D:1:      eino_arrival_tree_alley, layout_basic,
          shapermc_ecumenical_altar_pompeii, minmay_misc_feat_iff
D:2:      wad_crossroads, layout_basic, basic_altar, uniq_sigmund
D:3:      layout_rooms, nicolae_vehumet_altar_sigil
D:4:      layout_layer_cave, minmay_fractal_squares_gapless_5,
          uniq_crazy_yiuf_cottage

Skill      XL: |  1  2  3  4  5  6 |
---------------+-------------------+-----
Conjurations   | 2 3 4 |  4.5
Armour         | 1 2 |  2.1
Air Magic      | 5 6 |  6.1
Dodging        | 3 |  3.3
Stealth        | |  2.2
Shields        | |  0.3
Spellcasting   | |  2.9

Action                   |  1- 3 |  4- 6 || total
-------------------------+-------+-------++-------
Melee: Unarmed           |     3 |       ||     3
       Kick              |     3 |       ||     3
       Dagger            |     2 |       ||     2
 Cast: Shock             |    57 |   106 ||   163
       Swiftness         |       |     5 ||     5
       Airstrike         |       |     2 ||     2
  Use: Potion            |       |     2 ||     2
Armor: Robe              |     2 |     1 ||     3
Dodge: Dodged            |    10 |    15 ||    25
Block: Buckler           |       |     1 ||     1

Table legend: (Time is in decaauts)
 A = Elapsed time spent in this place.
 B = Non-inter-level travel time spent in this place.
 C = Inter-level travel time spent in this place.
 D = Time resting spent in this place.
 E = Time spent auto-exploring this place.
 F = Levels seen in this place.
 G = Mean time per level.
                   A        B        C        D        E       F      G
               +--------+--------+--------+--------+--------+-----+--------+
         Total |   4814 |   4694 |    120 |      0 |   4061 |   4 | 1203.5 |
       Dungeon |   4814 |   4694 |    120 |      0 |   4061 |   4 | 1203.5 |
               +--------+--------+--------+--------+--------+-----+--------+

Top non-repeatable levels by time:
     D:2: 1435 daAuts
     D:4: 1377 daAuts
     D:1: 1037 daAuts
     D:3: 963 daAuts
